 Dungeon Crawl Stone Soup version 0.30.1 (webtiles) character file.

Game seed: 17214999583273248618

7820 GeoRichter the Spear-Bearer (level 11, -2/81 HPs)
             Began as a Demonspawn Reaver on July 13, 2023.
             Was an Initiate of Yredelemnul.
             Slain by an ice devil (18 damage)
             ... on level 9 of the Dungeon.
             The game lasted 00:18:49 (9656 turns).

GeoRichter the Spear-Bearer (Demonspawn Reaver)     Turns: 9656, Time: 00:18:49

Health: -2/81      AC: 10    Str: 20    XL:     11   Next: 1%
Magic:  16/16      EV: 10    Int: 16    God:    Yredelemnul [......]
Gold:   543        SH:  4    Dex: 18    Spells: 13/14 levels left

rFire   . . .        x - +3 trident
rCold   . . .        H - +0 buckler
rNeg    . . .        c - +0 scale mail
rPois   .            (helmet restricted)
rElec   .            (no cloak)
rCorr   .            r - +2 pair of gloves {Str+3}
SInv    +            B - +0 pair of boots
Will    .....        z - amulet of regeneration Stlth
                     m - +6 ring of dexterity
HPRegen 1.13/turn    F - ring "Ufemoil" {Int+2 Slay+2 SInv}
MPRegen 0.15/turn

%: no passive effects
@: no status effects
A: antennae 1, hooves 2, demonic guardian 1, foul stench 1, weakness stinger 2
a: Renounce Religion, Recall Undead Harvest


You were on level 9 of the Dungeon.
You worshipped Yredelemnul.
Yredelemnul was noncommittal.
You visited 2 branches of the dungeon, and saw 11 of its levels.

You collected 683 gold pieces.
You spent 140 gold pieces at shops.

Inventory:

Hand Weapons
 x - a +3 trident (weapon)
   (You took it off an orc on level 7 of the Dungeon)
 D - the +5 great mace "Balaur" {heavy, rC+ Str+3 Int+2}
   (You found it on level 8 of the Dungeon)

   Str:       It affects your strength (+3).
   Int:       It affects your intelligence (+2).
   rC:        It protects you from cold.
 J - a +4 halberd of freezing
   (You took it off a wight on level 9 of the Dungeon)
Missiles
 e - 18 poisoned darts (quivered)
Armour
 c - a +0 scale mail (worn)
   (You took it off an orc on level 3 of the Dungeon)
 r - a +2 pair of gloves of strength (worn)
   (You found it on level 4 of the Dungeon)
 B - a +0 pair of boots (worn)
   (You found it on level 7 of the Dungeon)
 H - a +0 buckler (worn)
   (You took it off a gnoll sergeant on level 8 of the Dungeon)
Jewellery
 m - a +6 ring of dexterity (left hand)
   (You found it on level 2 of the Dungeon)
 z - an amulet of regeneration (around neck)
   (You found it on level 6 of the Dungeon)
 F - the ring "Ufemoil" (right hand) {Int+2 Slay+2 SInv}
   (You bought it in a shop on level 7 of the Dungeon)

   [ring of see invisible]

   Int:       It affects your intelligence (+2).
   Slay:      It affects your accuracy & damage with ranged weapons and melee
   (+2).
   SInv:      It lets you see invisible.
Wands
 b - a wand of charming (5)
   (You found it on level 4 of the Dungeon)
 I - a wand of iceblast (4)
   (You took it off an orc on level 9 of the Dungeon)
Scrolls
 a - 3 scrolls of amnesia {unknown}
 f - 3 scrolls of enchant armour
 j - a scroll of vulnerability {unknown}
 k - 2 scrolls of enchant weapon
 l - a scroll of magic mapping
 o - a scroll of blinking {unknown}
 p - a scroll of noise {unknown}
 q - a scroll of butterflies {unknown}
 s - a scroll of teleportation {@r4}
 y - a scroll of torment {unknown}
 A - 2 scrolls of poison {unknown}
 E - a scroll of silence {unknown}
 G - 2 scrolls of immolation {unknown}
Potions
 g - 2 potions of brilliance
 h - 2 potions of haste {unknown}
 i - 2 potions of flight
 n - a potion of attraction {unknown}
 t - a potion of cancellation
 u - 3 potions of might {unknown}
 v - 2 potions of heal wounds {@q2}
 w - 2 potions of lignification {unknown}
 C - 2 potions of mutation {unknown}


   Skills:
 + Level 6.2 Fighting
 * Level 13.7 Polearms
 - Level 1.7 Dodging
 - Level 2.0 Spellcasting
 - Level 3.0 Conjurations
 + Level 7.6 Invocations


You had 13 spell levels left.
You knew the following spells:

 Your Spells              Type           Power      Damage    Failure   Level
a - Kiss of Death         Conj/Necr      24%        2d7       41%         1

Your spell library contained the following spells:

 Spells                   Type           Power      Damage    Failure   Level
 Momentum Strike          Conj/Tloc      12%        3d8       54%         2
 Sting                    Tmut/Pois      4%         1d3       63%         1
 Cigotuvi's Dreadful Rot  Necr/Pois/Air  2%         N/A       77%         2
 Poisonous Vapours        Pois/Air       2%         N/A       77%         2
 Sublimation of Blood     Necr           1%         N/A       77%         2
 Wereblood                Tmut           1%         N/A       77%         2
 Hailstorm                Conj/Ice       6%         3d4       78%         3
 Mephitic Cloud           Conj/Pois/Air  4%         N/A       85%         3
 Ozocubu's Armour         Ice            1%         N/A       94%         3
 Dispel Undead            Necr           1%         3d6       100%        4
 Olgreb's Toxic Radiance  Pois           1%         N/A       100%        4
 Summon Ice Beast         Ice/Summ       1%         N/A       100%        4
 Freezing Cloud           Conj/Ice/Air   2%         6-21      100%        5
 Metabolic Englaciation   Hex/Ice        0%         N/A       100%        5
 Summon Mana Viper        Hex/Summ       1%         N/A       100%        5
 Monstrous Menagerie      Summ           0%         N/A       100%        7
 Summon Hydra             Summ           0%         N/A       100%        7
 Death Channel            Necr           Unusable   N/A       N/A         6
 Simulacrum               Ice/Necr       Unusable   N/A       N/A         6

Dungeon Overview and Level Annotations

Branches:
Dungeon (10/15) Zot: 26761  Temple (1/1) D:6 Zot: 5794     Orc (0/2) D:9
   Lair: D:8-11

Altars:
Ashenzari
Dithmenos
Fedhas
Hepliaklqana
Kikubaaqudgha
Makhleb
Nemelex Xobeh
Okawaru
Qazlal
Ru
Sif Muna
Trog
Uskayaw
Vehumet
Wu Jian
Xom
Yredelemnul

Shops:
D:1 [(   D:2 ?   D:6 ?   D:7 ****

Annotations:
D:4 2 runed translucent doors, aloneDruid's ghost, amateur OpTm


Innate Abilities, Weirdness & Mutations

You have a pair of small antennae on your head.
You have hoof-like feet.
A weak demonic guardian rushes to your aid.
You may rarely emit foul miasma when damaged in melee.
You have a tail ending in a sharp stinger.


Message History

There is an open door here.
Items here: ))) [[.
There is a stone staircase leading down here.
You climb downwards.
A rust devil comes into view.
Found a scroll labelled MAMUIS ZETILU.
There is a stone staircase leading up here.
The quasit gives a chilling moan.
The rust devil screeches!
You hear a shout! x3
An orc comes into view. It is wielding a +0 whip.
You hear a chilling moan.
You reach to attack!
You hit the ice devil.
The ice devil is lightly wounded.
There is a stone staircase leading up here.
The ice devil barely misses you.
You climb upwards.
There is a stone staircase leading down here.
You closely miss the ice devil.
You tail-slap the ice devil, but do no damage.
The ice devil is lightly wounded.
The ice devil hits you. The ice devil freezes you!!
You hit the ice devil but do no damage.
The ice devil is lightly wounded.
You completely miss the ice devil.
The ice devil is lightly wounded.
The ice devil misses you.
You barely miss the ice devil.
The ice devil is lightly wounded.
The ice devil hits you. The ice devil freezes you!!
* * * LOW HITPOINT WARNING * * *
A demonic guardian appears!
You closely miss the ice devil.
Your tail-slap misses the ice devil.
The ice devil is lightly wounded.
You completely miss the ice devil.
The ice devil is lightly wounded.
Your quasit bites the ice devil but does no damage.
Your quasit barely misses the ice devil.
Your quasit claws the ice devil but does no damage.
The ice devil hits you.
* * * LOW HITPOINT WARNING * * *
The ice devil freezes you!
* * * LOW HITPOINT WARNING * * *
You hit the ice devil but do no damage.
The ice devil is lightly wounded.
Your quasit bites the ice devil.
Your quasit barely misses the ice devil.
Your quasit misses the ice devil. The ice devil hits you.
* * * LOW HITPOINT WARNING * * *
The ice devil freezes you!!
You die...
Your body rises from the dead as a mindless zombie.

#.........##...###.#
#........##.....##.#
#.#......#.......#.#
#.#.........._.....#
#.#...<..#.......#.#
#.#......##.....##.#
#.#.......##...###.#
##..........##.##4..#
..######+####..#@.5.#
..#..Z.........'.##.#
..#Z...........#.##.#
..'.############....#
.##.#...............#
.#..#.###..###......#
.#..#.# #..###...#..#
.#..#.###..Z.....#..#
.####>.......)......#


You could see an ice devil (ally target) and a friendly quasit (summoned).

Vanquished Creatures
  A two-headed ogre (D:9)
  2 orange demons (D:10)
  A troll (D:9)
  A yak (D:8)
  A shadow (D:9)
  2 wraiths (D:9)
  3 wyverns
  Eustachio (D:4)
  2 water moccasins
  5 orc warriors
  3 ice beasts
  6 ogres
  3 centaurs
  2 kobold brigands
  3 bullfrogs
  3 scorpions
  10 wights (D:9)
  6 killer bees
  4 howler monkeys
  2 quasits
  7 hounds
  8 orc priests
  2 jellies
  A gnoll bouda (D:9)
  5 iguanas
  15 orc wizards
  6 gnolls
  7 adders
  2 white imps (D:5)
  A worm (D:2)
  5 dart slugs
  63 orcs
  13 ball pythons
  12 bats
  8 endoplasms
  4 giant cockroaches
  8 goblins
  2 hobgoblins
  4 jackals (D:2)
  4 quokkas
  5 frilled lizards
  7 kobolds
  9 rats
259 creatures vanquished.

Vanquished Creatures (collateral kills)
  A vampire (D:8)
  2 orc warriors
  A bullfrog (D:9)
  A gnoll sergeant (D:8)
  3 wights (D:9)
  An orc wizard (D:7)
  4 gnolls (D:8)
  5 orcs
  A kobold (D:9)
19 creatures vanquished.

Vanquished Creatures (others)
  A wyvern zombie (D:9)
  4 killer bee zombies
  A spectral quasit (D:10)
  An orc (D:7)
  5 gnoll zombies (D:9)
  5 kobold zombies
  17 orc zombies
34 creatures vanquished.

Grand Total: 312 creatures vanquished

Notes
Turn   | Place    | Note
-------+----------+-------------------------------------------
     0 | D:1      | GeoRichter the Demonspawn Reaver began the quest for the
                  | Orb.
     0 | D:1      | Reached XP level 1. HP: 16/16 MP: 3/3
   329 | D:1      | Reached skill level 3 in Polearms
   440 | D:1      | Discovered your monstrous ancestry.
   440 | D:1      | Gained mutation: You have a small tail. [demonic ancestry]
   440 | D:1      | Reached XP level 2. HP: 22/22 MP: 5/5
   644 | D:1      | Found Zyaplemm's Antique Weapon Shop.
   819 | D:1      | Reached XP level 3. HP: 17/27 MP: 6/6
   875 | D:1      | Found Xiuh's Antique Armour Shoppe.
   899 | D:1      | Reached skill level 4 in Polearms
  1392 | D:2      | Reached XP level 4. HP: 25/33 MP: 7/7
  1511 | D:2      | Found Volex's Magic Scroll Shop.
  1733 | D:2      | Found a faded altar of an unknown god.
  2056 | D:3      | Reached skill level 5 in Polearms
  2526 | D:4      | Noticed an ogre
  2548 | D:3      | Gained mutation: You have large cloven feet. [demonic
                  | ancestry]
  2548 | D:3      | Reached XP level 5. HP: 17/38 MP: 8/8
  2706 | D:4      | Found a runed translucent door.
  2707 | D:4      | Noticed aloneDruid's ghost (amateur OpTm)
  2939 | D:4      | Reached skill level 6 in Polearms
  3041 | D:4      | Reached XP level 6. HP: 20/44 MP: 9/9
  3579 | D:4      | Found a runed translucent door.
  3611 | D:4      | Noticed Eustachio
  3628 | D:4      | Killed Eustachio
  3629 | D:4      | Reached skill level 7 in Polearms
  3715 | D:4      | Gained mutation: You have a pair of small antennae on your
                  | head. [demonic ancestry]
  3715 | D:4      | Reached XP level 7. HP: 39/50 MP: 10/10
  4190 | D:4      | Reached skill level 8 in Polearms
  4425 | D:5      | Entered Level 5 of the Dungeon
  4593 | D:5      | Reached skill level 9 in Polearms
  4593 | D:5      | Gained mutation: You have a tail ending in a sharp stinger.
                  | [demonic ancestry]
  4593 | D:5      | Reached XP level 8. HP: 16/56 MP: 11/11
  5364 | D:5      | Reached skill level 10 in Polearms
  5450 | D:5      | Found the +1 Delatra's gloves {ID++}
  5775 | D:5      | HP: 1/56 [ogre/+0 giant club (13)]
  6026 | D:6      | Reached skill level 11 in Polearms
  6055 | D:6      | Gained mutation: A weak demonic guardian rushes to your
                  | aid. [demonic ancestry]
  6055 | D:6      | Reached XP level 9. HP: 37/61 MP: 12/12
  6276 | D:6      | Found Hurphinn's Magic Scroll Shoppe.
  6534 | D:6      | Found a staircase to the Ecumenical Temple.
  6549 | Temple   | Entered the Ecumenical Temple
  6738 | Temple   | Became a worshipper of Yredelemnul the Dark
  7008 | D:7      | Found a runed translucent door.
  7050 | D:7      | Reached * piety under Yredelemnul
  7152 | D:7      | Reached skill level 12 in Polearms
  7244 | D:7      | Reached skill level 1 in Invocations
  7294 | D:7      | Identified the +0 leather armour "Wixe" {+Inv Str+3 Dex+3
                  | Stlth+}
  7333 | D:7      | Found Vahos's General Store.
  7343 | D:7      | Reached ** piety under Yredelemnul
  7371 | D:7      | Found Pepuitsie's Assorted Antiques.
  7371 | D:7      | Found Niass's Assorted Antiques.
  7372 | D:7      | Found Qeul's Assorted Antiques.
  7389 | D:7      | Bought an ancient platinum ring for 140 gold pieces
  7389 | D:7      | Identified the ring "Ufemoil" {Int+2 Slay+2 SInv} (You
                  | bought it in a shop on level 7 of the Dungeon)
  7793 | D:8      | Reached *** piety under Yredelemnul
  7980 | D:8      | Identified the +5 great mace "Balaur" {heavy, rC+ Str+3
                  | Int+2}
  8152 | D:8      | Gained mutation: You may rarely emit foul miasma when
                  | damaged in melee. [demonic ancestry]
  8152 | D:8      | Reached XP level 10. HP: 45/72 MP: 13/13
  8303 | D:9      | Found a shimmering altar of Xom.
  8384 | D:9      | Reached skill level 5 in Invocations
  8446 | D:9      | Noticed a two-headed ogre
  8473 | D:9      | Found a radiant altar of Vehumet.
  8480 | D:9      | Killed a two-headed ogre
  8606 | D:9      | Reached skill level 5 in Fighting
  8684 | D:9      | Reached skill level 13 in Polearms
  8699 | D:9      | Found a staircase to the Orcish Mines.
  9413 | D:10     | Entered Level 10 of the Dungeon
  9413 | D:10     | Noticed a rust devil
  9413 | D:10     | Noticed a sun demon
  9413 | D:10     | Noticed an orange demon
  9497 | D:10     | Noticed an orange demon
  9501 | D:10     | Noticed an orange demon
  9510 | D:10     | Killed an orange demon
  9517 | D:10     | Killed an orange demon
  9518 | D:10     | Noticed a soul eater
  9585 | D:9      | Gained mutation: You have hoof-like feet. [demonic
                  | ancestry]
  9585 | D:9      | Reached XP level 11. HP: 59/81 MP: 16/16
  9656 | D:9      | Slain by an ice devil

Illustrated notes

Levels and vault maps discovered:
D:1:      lightli_molten_gateway, layout_loops_corners, serial_shops,
          nicolae_shop_getting_attention, shop
D:2:      layout_rooms, shapermc_ecumenical_altar_pompeii, serial_shops, shop,
          glass_columns_c
D:3:      layout_rooms
D:4:      layout_basic, ebering_ghost_sewer_f, kennysheep_small_circle,
          uniq_eustachio
D:5:      layout_loops_ring, pf_guarded_unrand_delatra
D:6:      layout_rooms, minmay_temple_entry_purple_smoke, serial_shops,
          nicolae_shop_pleasant_corner_grove
D:7:      layout_basic, minmay_shop_grid_forest, lightli_church_of_beogh
D:8:      layout_rooms, hangedman_decor_push, grunt_ministairs_10
D:9:      hangedman_cross_stitches, layout_stronghold, lemuel_round_altar,
          lemuel_coloured_pillars_altar, orc_0_dummy
D:10:     layout_loops_ring, nicolae_gozag_cash_rules_everything_around_me,
          amcnicky_altar_gilded, serial_demonic, serial_demonic_c,
          serial_demonic_d, serial_demonic_a, serial_demonic_g,
          serial_demonic_g, serial_demonic_b, serial_demonic_e,
          serial_demonic_d, serial_demonic_f, serial_demonic_e
Temple:   hc_temple_tempest_star

Skill      XL: |  1  2  3  4  5  6  7  8  9 10 |
---------------+-------------------------------+-----
Polearms       | 3 4 5 6 7 9 11 12 13 | 13.7
Invocations    | 4 7 |  7.6
Fighting       | 4 6 |  6.2
Dodging        | |  1.7
Spellcasting   | |  2.0
Conjurations   | |  3.0

Action                     |  1- 3 |  4- 6 |  7- 9 | 10-12 || total
---------------------------+-------+-------+-------+-------++-------
  Melee: Spear             |   151 |   216 |   421 |       ||   788
         Tailslap          |    15 |    21 |    62 |    27 ||   125
         Kick              |       |    36 |    97 |       ||   133
         Punch             |       |     1 |     3 |       ||     4
         Trident           |       |       |   100 |   241 ||   341
  Throw: Dart              |     1 |     4 |     5 |     3 ||    13
 Invoke: Dark Bargain      |       |       |     2 |       ||     2
  Evoke: Wand              |       |     3 |     2 |       ||     5
    Use: Scroll            |       |     6 |     5 |       ||    11
         Potion            |       |       |     3 |     2 ||     5
   Stab: Sleeping          |     1 |     1 |       |       ||     2
         Distracted        |       |       |     2 |     1 ||     3
 Armour: Leather armour    |    31 |    20 |       |       ||    51
         Scale mail        |       |    28 |   102 |    46 ||   176
  Dodge: Dodged            |    63 |    74 |   145 |    61 ||   343
  Block: Buckler           |       |       |     2 |    26 ||    28
